Map: [ESL] Royal Blood

Players

trigger - Winner!

  • Race: Protoss Protoss
  • Spawn Location: 1:00

Cham

  • Race: Zerg Zerg
  • Spawn Location: 7:00

Event: ESL SC2 Masters 2023 Summer (Regionals)

VOD

Have the link to the VOD?

Description

Time

  • Played on: May 6, 2023, 3:04 p.m.
  • Length: 23:13

All games in this series

Show
View Real Time Build Order
Export as new Build Order

trigger Protoss - Winner!

Build Orders: 1 Gate Expand, Oracle Opening, Carriers, Zealot Archon 

Get SALT Encoding   

  12  0:00  Probe  
  13  0:12  Probe  
  14  0:19  Pylon  
  14  0:24  Probe  
  15  0:37  Probe (Chrono Boost)  
  15  0:40  Gateway  
  16  0:46  Probe (Chrono Boost)  
  17  0:50  Assimilator  
  17  0:54  Probe  
  18  1:06  Probe  
  19  1:18  Probe  
  20  1:27  Nexus  
  20  1:33  Probe  
  21  1:43  Cybernetics Core  
  21  1:47  Probe  
  21  1:52  Assimilator  
  22  1:59  Pylon  
  22  2:00  Probe  
  23  2:17  Adept (Chrono Boost)  
  23  2:18  Probe (Chrono Boost)  
  26  2:24  Stargate  
  26  2:26  Probe (Chrono Boost)  
  27  2:31  Warp Gate  
  27  2:35  Probe (Chrono Boost)  
  28  2:39  Adept  
  28  2:40  Probe (Chrono Boost)  
  31  2:49  Probe x2 (Chrono Boost)  
  33  2:54  Probe (Chrono Boost)  
  33  2:57  Probe  
  35  3:05  Oracle (Chrono Boost)  
  35  3:06  Probe  
  35  3:10  Probe  
  40  3:16  Pylon  
  40  3:18  Probe  
  41  3:20  Stalker  
  41  3:22  Probe  
  44  3:30  Probe  
  45  3:34  Probe  
  45  3:37  Oracle (Chrono Boost)  
  49  3:43  Probe  
  51  3:48  Probe  
  51  3:51  Nexus  
  51  3:53  Pylon  
  51  3:57  Probe  
  51  4:00  Probe  
  51  4:02  Assimilator  
  53  4:04  Assimilator  
  53  4:09  Probe  
  54  4:11  Pylon  
  54  4:12  Probe, Shield Battery  
  54  4:14  Oracle (Chrono Boost)  
  58  4:21  Probe  
  58  4:23  Gateway  
  59  4:27  Probe  
  60  4:36  Probe  
  61  4:43  Probe  
  59  4:47  Twilight Council  
  59  4:50  Forge, Stalker  
  59  4:51  Probe (Chrono Boost)  
  59  4:52  Pylon  
  63  5:00  Probe (Chrono Boost)  
  63  5:05  Probe x2 (Chrono Boost)  
  65  5:10  Gateway  
  65  5:12  Probe x2 (Chrono Boost), Gateway  
  65  5:13  Probe (Chrono Boost)  
  68  5:16  Protoss Ground Weapons Level 1 (Chrono Boost)  
  68  5:18  Probe (Chrono Boost), Stalker x2  
  74  5:22  Probe (Chrono Boost)  
  74  5:24  Blink  
  74  5:25  Probe (Chrono Boost)  
  75  5:30  Probe (Chrono Boost)  
  78  5:36  Pylon  
  78  5:37  Probe (Chrono Boost)  
  78  5:38  Probe x2 (Chrono Boost)  
  79  5:44  Probe x2, Stalker  
  79  5:46  Probe  
  79  5:47  Assimilator  
  79  5:49  Templar Archives  
  84  5:51  Assimilator  
  84  5:56  Probe x2  
  86  5:58  Probe  
  87  6:08  Probe x2  
  87  6:10  Probe, Stalker  
  88  6:12  Stalker  
  88  6:14  Psionic Storm  
  88  6:17  Nexus  
  88  6:18  Pylon, Stalker  
  90  6:20  Probe x2  
  94  6:32  Gateway  
  94  6:34  Gateway  
  94  6:35  High Templar x3  
  94  6:37  Shield Battery  
  94  6:39  Photon Cannon  
  100  6:43  Probe x2  
  100  6:45  Probe  
  103  6:47  Pylon  
  103  6:49  Pylon  
  103  6:55  Pylon  
  103  6:57  Gateway x2  
  103  7:02  Pylon  
  103  7:03  Probe  
  103  7:06  Pylon  
  103  7:07  Probe  
  105  7:09  Probe, High Templar x2  
  105  7:12  Forge  
  110  7:18  Probe, Protoss Ground Armor Level 1 (Chrono Boost)  
  110  7:19  Probe  
  110  7:20  Assimilator  
  110  7:21  Assimilator  
  112  7:23  Probe  
  113  7:30  Probe  
  113  7:32  Gateway, Photon Cannon  
  113  7:34  Charge, Gateway, Photon Cannon  
  113  7:36  Pylon, Photon Cannon  
  114  7:39  High Templar x2  
  118  7:46  Archon  
  118  7:52  Protoss Ground Weapons Level 2 (Chrono Boost)  
  118  7:54  Zealot  
  118  7:55  Zealot x3  
  126  8:03  Stalker x2  
  130  8:13  Probe  
  130  8:14  Probe  
  130  8:19  Robotics Facility  
  132  8:21  Stalker  
  132  8:22  Pylon  
  132  8:23  Photon Cannon  
  132  8:26  Photon Cannon, Shield Battery  
  134  8:27  Shield Battery  
  134  8:28  Shield Battery  
  134  8:32  Stalker x7  
  125  8:50  Stalker  
  125  8:51  Stalker  
  125  8:53  Probe x2  
  131  8:58  Gateway  
  131  8:59  High Templar x6  
  143  9:03  Archon x2  
  143  9:04  Archon  
  143  9:10  Protoss Ground Armor Level 2 (Chrono Boost)  
  143  9:14  Probe (Chrono Boost)  
  145  9:18  Stalker x3  
  145  9:20  Probe x3 (Chrono Boost)  
  145  9:24  Pylon  
  140  9:25  Probe (Chrono Boost)  
  140  9:29  Probe x3 (Chrono Boost)  
  140  9:30  Probe (Chrono Boost)  
  143  9:36  Zealot x3  
  143  9:37  Zealot x5  
  160  9:39  Probe  
  160  9:45  Stalker  
  160  9:53  Warp Prism (Chrono Boost)  
  160  9:54  Probe x4, Gateway  
  162  10:02  High Templar x3  
  162  10:03  High Templar x3  
  162  10:04  Protoss Ground Weapons Level 3 (Chrono Boost)  
  174  10:19  Pylon, Observer (Chrono Boost)  
  174  10:20  Zealot x3  
  177  10:21  Nexus  
  164  10:29  Archon  
  164  10:35  Zealot x6  
  175  10:55  Stargate  
  175  10:58  Fleet Beacon  
  175  11:00  Stargate  
  173  11:06  Zealot x3, Protoss Air Weapons Level 1  
  173  11:10  Nexus  
  175  11:12  Pylon  
  175  11:13  Zealot x3  
  175  11:14  Pylon, Zealot x3  
  173  11:30  Stalker x2  
  177  11:36  Probe x3  
  177  11:37  Probe  
  177  11:38  Zealot  
  177  11:39  Zealot x4  
  177  11:56  Pylon  
  177  11:57  Pylon  
  177  11:59  Probe, Warp Prism (Chrono Boost)  
  177  12:00  Probe x2  
  172  12:01  Tempest (Chrono Boost)  
  172  12:02  Tempest (Chrono Boost)  
  172  12:03  Probe, Tempest (Chrono Boost)  
  163  12:11  Zealot x6  
  161  12:20  Probe x2  
  161  12:22  Probe x2  
  157  12:32  Probe x2  
  157  12:33  Probe  
  157  12:35  Shield Battery  
  157  12:36  Photon Cannon  
  157  12:37  High Templar x5  
  162  12:41  Archon x2  
  162  12:42  High Templar x3  
  168  12:44  Probe  
  168  12:49  Zealot  
  168  12:51  Carrier (Chrono Boost)  
  167  12:52  Carrier (Chrono Boost)  
  167  12:54  Archon  
  167  12:55  High Templar  
  181  13:01  Zealot  
  175  13:09  Zealot x6  
  167  13:21  Zealot x3  
  167  13:24  Zealot  
  161  13:29  Probe x2  
  161  13:31  High Templar x5  
  149  13:47  High Templar x3  
  161  13:50  Carrier (Chrono Boost)  
  161  13:53  Observer (Chrono Boost)  
  161  13:54  Nexus, Zealot x2  
  162  13:59  Pylon  
  162  14:00  Zealot  
  162  14:02  Archon  
  164  14:09  Probe  
  165  14:10  Probe  
  166  14:17  Zealot  
  166  14:18  Zealot x4  
  170  14:32  High Templar x2  
  170  14:36  Archon  
  170  14:37  Stalker x2  
  178  14:39  Nexus  
  178  14:52  Probe  
  179  14:54  Shield Battery  
  179  14:56  Photon Cannon  
  179  14:58  Carrier  
  175  15:01  High Templar  
  175  15:02  High Templar  
  180  15:07  Archon, Observer  
  178  15:28  Stalker x2  
  178  15:38  Pylon  
  178  15:39  Pylon  
  128  15:57  Pylon  
  128  15:58  Archon  
  128  15:59  Archon  
  128  16:00  Stalker x10  
  124  16:12  Void Ray x2  
  104  16:27  Zealot x8  
  117  16:34  High Templar  
  108  16:47  Zealot x2  
  108  16:48  Zealot, Stalker x2  
  110  16:55  Zealot x2  
  112  17:08  High Templar x6  
  108  17:13  Archon x3  
  108  17:21  Stalker x2  
  96  17:33  High Templar x5  
  96  17:34  Observer  
  106  17:37  Archon  
  106  17:39  Carrier x2 (Chrono Boost)  
  118  17:44  Zealot x3  
  118  17:50  Photon Cannon  
  124  17:54  Photon Cannon  
  124  17:58  High Templar x2  
  124  18:03  Archon  
  128  18:12  Carrier (Chrono Boost)  
  128  18:16  Probe x2  
  128  18:19  Protoss Air Weapons Level 2 (Chrono Boost), Assimilator  
  134  18:22  Probe  
  134  18:23  Probe  
  134  18:24  Assimilator  
  136  18:27  Photon Cannon  
  136  18:28  Probe  
  136  18:31  Probe  
  127  18:38  Probe x2  
  129  18:52  Zealot  
  137  18:55  Carrier (Chrono Boost)  
  137  19:02  Zealot x2  
  136  19:11  Probe  
  136  19:13  Probe  
  137  19:17  Probe  
  137  19:23  Carrier (Chrono Boost)  
  142  19:31  Observer  
  142  19:33  Probe  
  142  19:34  Probe x3  
  146  19:41  High Templar x2  
  146  19:42  Pylon  
  150  19:45  Archon  
  150  19:46  Probe x2  
  152  19:55  Zealot, Carrier (Chrono Boost)  
  160  20:00  High Templar  
  154  20:16  Carrier (Chrono Boost)  
  158  20:27  Nexus  
  158  20:29  Pylon  
  158  20:38  Zealot  
  158  20:42  Probe x2  
  154  20:49  Carrier (Chrono Boost)  
  160  20:56  Zealot  
  161  21:02  Probe  
  160  21:13  Photon Cannon  
  160  21:14  Observer, Shield Battery  
  160  21:18  Zealot x3  
  167  21:26  Assimilator  
  167  21:32  Probe x2  
  160  21:40  Probe (Chrono Boost)  
  160  21:43  Probe (Chrono Boost)  
  162  21:47  Probe (Chrono Boost)  
  162  21:49  Probe x2 (Chrono Boost)  
  160  21:55  Probe (Chrono Boost)  
  160  21:56  Probe (Chrono Boost)  
  160  21:59  Probe x2 (Chrono Boost)  
  154  22:03  Zealot x2  
  154  22:04  Zealot x2  
  151  22:09  High Templar x3  
  147  22:20  Zealot  
  140  22:24  Probe x2  
  135  22:30  Probe  
  136  22:39  Probe  
  136  22:41  High Templar  
  136  22:42  Photon Cannon  
  136  22:43  Pylon  
  139  22:50  Archon  
  135  23:09  Zealot x5  
Show
View Real Time Build Order
Export as new Build Order

Cham Zerg 

Build Orders: Hatch First, Brood Lord Corruptor 

Get SALT Encoding   

  12  0:00  Drone  
  13  0:12  Overlord  
  13  0:17  Drone  
  14  0:31  Drone x2  
  16  0:49  Hatchery  
  15  0:51  Drone  
  15  0:55  Drone  
  17  0:58  Drone  
  18  1:12  Spawning Pool  
  18  1:14  Extractor  
  18  1:16  Drone  
  17  1:19  Drone  
  18  1:30  Drone  
  19  1:43  Drone  
  20  1:54  Overlord  
  20  1:59  Queen  
  20  2:00  Queen  
  25  2:01  Drone  
  25  2:02  Zergling x2  
  26  2:12  Drone  
  26  2:13  Zergling x2  
  28  2:16  Metabolic Boost  
  28  2:25  Drone x2  
  30  2:38  Hatchery  
  30  2:44  Queen  
  29  2:47  Overlord  
  29  2:50  Drone  
  32  2:54  Drone  
  34  3:05  Drone  
  34  3:11  Drone  
  34  3:12  Drone x3  
  37  3:16  Drone x2, Queen  
  37  3:19  Drone  
  41  3:28  Drone  
  41  3:29  Overlord, Spore Crawler  
  41  3:30  Drone  
  42  3:42  Zergling x2  
  42  3:43  Overlord  
  42  3:47  Queen, Spore Crawler  
  44  3:52  Drone x4  
  49  3:55  Drone x2  
  49  3:56  Drone  
  49  4:01  Drone, Evolution Chamber  
  51  4:08  Drone  
  51  4:09  Drone x2  
  53  4:11  Overlord  
  53  4:17  Spore Crawler  
  53  4:19  Drone x4  
  53  4:20  Drone  
  53  4:23  Drone  
  53  4:24  Drone  
  59  4:28  Zerg Melee Weapons Level 1  
  59  4:30  Overlord  
  59  4:33  Drone x2  
  59  4:34  Drone  
  59  4:37  Drone  
  59  4:40  Drone  
  57  4:46  Lair  
  57  4:48  Drone x2  
  57  4:49  Extractor, Drone  
  57  4:50  Baneling Nest  
  57  4:51  Drone  
  59  4:54  Drone  
  59  4:55  Drone  
  61  5:00  Drone x4  
  61  5:01  Drone  
  61  5:06  Drone x3  
  69  5:09  Drone x2  
  71  5:15  Hatchery  
  71  5:19  Drone  
  69  5:21  Drone x3  
  69  5:22  Extractor  
  69  5:23  Extractor  
  69  5:28  Roach Warren  
  68  5:30  Drone x3  
  68  5:31  Drone  
  68  5:34  Zergling x2  
  68  5:35  Zergling x6  
  76  5:39  Zergling x4  
  79  5:42  Drone  
  79  5:44  Overlord  
  79  5:46  Drone  
  79  5:48  Centrifugal Hooks  
  80  5:50  Overlord  
  80  6:03  Spore Crawler  
  77  6:08  Drone x2  
  77  6:10  Drone x2, Overlord  
  77  6:11  Drone x5  
  84  6:17  Glial Reconstitution  
  86  6:19  Overlord  
  86  6:22  Roach x2  
  86  6:24  Hatchery  
  89  6:25  Overlord  
  89  6:26  Overlord  
  89  6:31  Roach x2  
  89  6:32  Zerg Melee Weapons Level 2  
  93  6:33  Drone  
  93  6:34  Drone x2  
  93  6:38  Drone x2  
  98  6:41  Drone x3  
  98  6:45  Overlord  
  98  6:46  Extractor  
  104  6:47  Roach x3, Extractor, Zergling x2  
  104  6:49  Spore Crawler  
  104  6:53  Zergling x8  
  109  6:57  Overlord  
  109  6:58  Drone x3  
  112  7:03  Drone x6  
  112  7:06  Overlord x2  
  118  7:09  Roach x2  
  118  7:14  Overlord  
  122  7:16  Roach x3  
  122  7:21  Roach  
  122  7:22  Roach x2  
  134  7:26  Zergling x2  
  134  7:27  Overlord x2  
  136  7:30  Zergling x6  
  136  7:32  Overlord  
  136  7:36  Drone  
  139  7:38  Infestation Pit  
  139  7:39  Zergling x2  
  139  7:40  Zergling x12  
  139  7:41  Zergling x2  
  139  7:42  Zergling x2  
  147  7:45  Zergling x8  
  147  7:50  Overlord  
  147  7:51  Zergling x2  
  152  7:57  Zergling x12  
  157  8:05  Zergling x8  
  159  8:09  Drone  
  159  8:11  Spire  
  159  8:12  Zergling x14  
  164  8:13  Baneling x16  
  164  8:14  Baneling x4  
  164  8:17  Baneling x9  
  164  8:23  Spire, Drone, Hive  
  164  8:24  Zergling x10  
  164  8:26  Zergling x4  
  171  8:29  Zergling x2  
  171  8:30  Zergling x6  
  171  8:31  Baneling x4  
  171  8:34  Zergling x6  
  174  8:48  Zergling x30  
  150  8:50  Zergling x4  
  145  8:57  Baneling x11  
  145  8:58  Roach x5  
  155  9:06  Roach x3  
  161  9:11  Drone  
  161  9:15  Zergling x6  
  160  9:17  Hatchery  
  160  9:19  Zerg Missile Weapons Level 1  
  160  9:20  Zergling x8  
  160  9:25  Zergling x14  
  160  9:28  Overlord  
  160  9:30  Zergling x8  
  171  9:36  Extractor x2  
  168  9:40  Adrenal Glands, Greater Spire  
  168  9:41  Zerg Flyer Weapons Level 1  
  164  9:55  Zergling x2  
  164  9:56  Zergling x30  
  176  10:01  Overlord  
  176  10:03  Corruptor x4  
  176  10:05  Corruptor  
  186  10:09  Corruptor  
  186  10:13  Corruptor x2  
  192  10:20  Corruptor  
  192  10:21  Corruptor  
  188  10:30  Spine Crawler x2  
  188  10:31  Spine Crawler  
  188  10:33  Baneling x8  
  183  10:46  Zergling x32  
  199  10:53  Baneling x2  
  199  10:54  Baneling x6  
  199  11:01  Zerg Flyer Armor Level 1  
  199  11:08  Baneling x11  
  195  11:23  Brood Lord x2  
  194  11:29  Brood Lord  
  191  11:38  Brood Lord x2  
  164  11:42  Zergling x18  
  164  11:43  Zergling x38  
  186  11:47  Zerg Flyer Weapons Level 2  
  186  11:49  Zergling x8  
  188  11:56  Brood Lord  
  148  12:20  Zergling x24  
  148  12:21  Zergling x30  
  144  12:26  Corruptor x2  
  144  12:28  Brood Lord  
  150  12:34  Corruptor x4  
  160  12:38  Zerg Ground Armor Level 1  
  160  12:43  Drone x5  
  160  12:44  Drone  
  164  12:47  Corruptor  
  164  12:48  Corruptor  
  168  12:53  Zergling x6  
  168  12:55  Baneling x5  
  170  13:06  Brood Lord  
  170  13:09  Corruptor  
  170  13:10  Zergling x2  
  170  13:11  Zergling x18  
  179  13:18  Roach x5  
  179  13:19  Roach  
  179  13:21  Roach  
  179  13:26  Roach x2, Zergling x4  
  166  13:34  Drone  
  166  13:35  Drone x3  
  156  13:47  Hatchery  
  153  13:50  Corruptor x3  
  159  14:05  Corruptor, Brood Lord x2  
  159  14:06  Zergling x6  
  168  14:10  Corruptor  
  168  14:11  Zergling x4  
  168  14:16  Zergling x2  
  168  14:17  Zergling x2  
  174  14:21  Brood Lord  
  174  14:22  Zergling x10  
  174  14:38  Corruptor x2  
  173  14:39  Zergling x4  
  168  14:48  Corruptor x2  
  168  14:49  Zergling x18  
  168  14:50  Zergling x2  
  174  14:57  Drone x2  
  174  14:58  Drone x2  
  174  14:59  Drone  
  176  15:02  Zergling x4  
  176  15:06  Corruptor  
  178  15:07  Zergling x4  
  182  15:15  Roach x2, Zergling x4  
  182  15:16  Zergling x2  
  182  15:19  Roach  
  191  15:21  Roach  
  191  15:22  Roach  
  193  15:29  Roach  
  193  15:33  Roach  
  193  15:34  Zergling x8  
  194  15:36  Zergling x4  
  190  15:48  Corruptor x2  
  161  15:58  Zergling x20  
  161  15:59  Zergling x8  
  160  16:11  Zergling x10  
  155  16:12  Zergling x2  
  155  16:17  Hatchery  
  159  16:23  Roach x5  
  145  16:26  Roach  
  145  16:27  Roach  
  125  16:33  Roach x3  
  125  16:39  Roach  
  127  16:42  Roach x3  
  128  16:47  Roach x2  
  128  16:50  Zergling x2  
  128  16:52  Roach  
  134  16:59  Roach x3  
  133  17:03  Ravager  
  133  17:05  Ravager  
  133  17:07  Ravager  
  133  17:08  Zergling x2, Ravager  
  129  17:09  Zergling x8  
  129  17:11  Roach  
  129  17:15  Hatchery  
  124  17:26  Corruptor x3  
  124  17:28  Corruptor  
  128  17:32  Corruptor  
  128  17:36  Corruptor  
  132  17:39  Corruptor  
  132  17:42  Ravager x2  
  136  17:49  Baneling x4  
  136  17:50  Corruptor  
  139  17:51  Roach, Zergling x2  
  139  17:52  Roach  
  139  17:58  Zergling x18  
  151  18:03  Baneling x5  
  151  18:08  Roach x3  
  151  18:10  Roach  
  158  18:16  Corruptor x2  
  161  18:25  Corruptor x2  
  163  18:34  Zergling x2  
  163  18:35  Zergling x4  
  166  18:47  Hatchery  
  165  18:53  Overlord x4  
  163  19:13  Brood Lord x3  
  163  19:14  Brood Lord x2  
  166  19:19  Overlord  
  164  19:26  Corruptor x2  
  168  19:40  Corruptor x2  
  172  19:50  Zergling x14  
  172  19:51  Zergling x2  
  180  19:56  Extractor, Brood Lord  
  180  19:58  Extractor  
  180  20:03  Corruptor  
  180  20:11  Corruptor  
  176  20:22  Corruptor  
  176  20:28  Zergling x20  
  175  20:55  Corruptor x3  
  179  20:58  Zergling x8  
  179  20:59  Zergling x6  
  186  21:06  Baneling x3  
  186  21:09  Corruptor  
  186  21:10  Zergling x4  
  190  21:22  Baneling x2  
  190  21:25  Corruptor  
  190  21:26  Zergling x6  
  188  21:41  Corruptor x2  
  173  22:11  Hatchery  
  160  22:16  Corruptor x2  
  155  22:34  Drone  
  155  22:35  Drone  
Tags
 
Add a new tag
Caveats
  • Supply blocks, unpowered buildings, or Contaminate may cause inaccurate times.
  • Supply counts are checked every 10 seconds.